 Dungeon Crawl Stone Soup version 0.32-a0-786-g3ef9c6c (webtiles) character file.

Game seed: 5665485261714424815

179 Dorkslayer the Sneak (level 5, 0/36 HPs)
             Began as an Octopode Fighter on Mar 19, 2024.
             Slain by a jackal (3 damage)
             ... on level 3 of the Dungeon.
             The game lasted 00:04:34 (1627 turns).

Dorkslayer the Sneak (Octopode Fighter)             Turns: 1627, Time: 00:04:35

Health: 0/36       AC:  1    Str: 15 (17) XL:     5   Next: 59%
Magic:  5/5        EV: 12    Int:  9 (11) God:
Gold:   127        SH:  4    Dex:  9 (11) Spells: 4/4 levels left

rFire   . . .        a - +0 war axe
rCold   . . .        b - +0 buckler
rNeg    + . .        (helmet currently unavailable)
rPois   .            (no amulet)
rElec   .            k - ring of positive energy
rCorr   .            (no ring)
SInv    .            (no ring)
Will    .....        (no ring)
Stlth   +++          (no ring)
HPRegen 0.26/turn    (no ring)
MPRegen 0.09/turn    (no ring)
                     (no ring)

%: no passive effects
@: lethally poisoned (0 -> -5), beast-form, slowed, very slow
A: beast (slay +0), almost no armour, amphibious, 8 rings, camouflage 1,
gelatinous body 1, (nimble swimmer 1), tentacles
a: Begin Untransformation


You were on level 3 of the Dungeon.
You were a hulking beast.
You visited 1 branch of the dungeon, and saw 3 of its levels.

You collected 127 gold pieces.

Inventory:

Hand Weapons
 a - a +0 war axe (weapon)
Missiles
 f - 4 boomerangs (quivered)
Armour
 b - a +0 buckler (worn)
Jewellery
 k - a ring of positive energy (left tentacle)
Talismans
 g - a beast talisman (active)
Scrolls
 e - a scroll of identify {unknown}
 h - a scroll of poison {unknown}
 i - 2 scrolls of fog {unknown}
 l - a scroll of brand weapon {unknown}
 n - a scroll of noise {unknown}
 p - a scroll of teleportation {unknown}
 r - a scroll of blinking {unknown}
 s - a scroll of torment {unknown}
Potions
 c - a potion of might
 d - a potion of degeneration
 j - 2 potions of mutation {unknown}
 m - a potion of lignification {unknown}
 o - a potion of resistance {unknown}
 q - a potion of curing {unknown}


   Skills:
 + Level 3.3 Fighting
 + Level 3.0 Axes
 * Level 1.9 Throwing
 + Level 3.3 Dodging
 * Level 3.8 Stealth
 + Level 3.2 Shields
 * Level 1.1 Shapeshifting


You had 4 spell levels left.
You didn't know any spells.
Your spell library contained the following spells:

 Spells                   Type           Power      Damage    Failure   Level
 Shock                    Conj/Air       0%         1d3       47%         1
 Slow                     Hex            0%         N/A       47%         1
 Confusing Touch          Hex            0%         N/A       85%         3
 Swiftness                Air            0%         N/A       85%         3
 Vampiric Draining        Necr           0%         2d6       85%         3
 Airstrike                Air            0%         2d(0-16)  99%         4


Dungeon Overview and Level Annotations

Branches:
Dungeon (3/15)

Altars:

Annotations:
D:3 Natasha


Innate Abilities, Weirdness & Mutations

You are a hulking beast.
Your limbs bulge with bestial killing power. (Slay +0)
You cannot wear most types of armour.
You are amphibious.
You can wear up to eight rings at the same time.
Your skin changes colour to match your surroundings (Stealth+).
Your rubbery body absorbs attacks. (AC +1, EV +1)
((You are camouflaged when in or above water. (Stealth+)))
You have tentacles for arms and can constrict up to eight enemies at once.


Message History

An adder comes into view.
The helpless jackal fails to defend itself.
You hit the jackal. Your grab misses the jackal.
The jackal is heavily wounded.
The jackal barely misses you. You block the jackal's attack. x2
You hit the jackal.
You kill the jackal!
Natasha, Servant of Life and Death comes into view.
She is carrying a wand of flame.
A frilled lizard comes into view.
The jackal barks!
Found 13 gold pieces.
The adder bites you.
Okay, then.
Natasha zaps a wand.
The puff of flame misses you. The adder closely misses you.
Natasha zaps a wand.
The puff of flame hits you! The jackal bites you.
The adder attacks as it pursues you! The adder bites you.
You are poisoned.
The adder poisons you! The jackal closely misses you. The adder bites you.
You feel sick. Natasha barely misses you. The adder attacks as it pursues you!
The adder bites you.
* * * LOW HITPOINT WARNING * * *
You barely miss Natasha. Your grab misses Natasha. Your squeeze misses Natasha.
You hit the jackal. You miss the adder.
You feel sick. The jackal bites you.
* * * LOW HITPOINT WARNING * * *
Natasha howls an incantation.
Natasha shimmers violently.
Natasha stares at you and mumbles some strange words.
You feel yourself slow down. You block the adder's attack.
The jackal bites you but does no damage.
You block Natasha's attack. The adder bites you.
* * * LOW HITPOINT WARNING * * *
You are lethally poisoned!
The adder poisons you!
It was a potion of degeneration.
There was something very wrong with that liquid.
You feel weakened.
You feel dopey.
You feel clumsy.
* * * LOW HITPOINT WARNING * * *
You feel very sick. The jackal bites you.
You die...

######.#..............##.....#
#.#..#.<.#....#..# .....
#.#..!.."..#.....#
#......#.........#
##.....#.#.......##
##................
###.............. ###.#......#
#...hhh..# #...S....#
##......o# #..####.... .....
###.. ....... # ......$..
.........


You could see Natasha, an adder, an orc and a jackal.

Vanquished Creatures
  A scorpion (D:3)
  Natasha (D:3)
  4 adders
  3 ribbon worms (D:2)
  2 dart slugs
  An orc (D:2)
  5 bats
  5 endoplasms (D:1)
  4 giant cockroaches
  A goblin (D:3)
  8 hobgoblins
  4 jackals (D:3)
  A ball python (D:1)
  2 frilled lizards (D:1)
  4 kobolds
  4 rats
50 creatures vanquished.

Notes
Turn   | Place    | Note
-------+----------+-------------------------------------------
     0 | D:1      | Dorkslayer the Octopode Fighter began the quest for the
                  | Orb.
     0 | D:1      | Reached XP level 1. HP: 16/16 MP: 1/1
   183 | D:1      | Reached XP level 2. HP: 21/21 MP: 2/2
   407 | D:1      | Reached skill level 1 in Stealth
   485 | D:1      | Found a faded altar of an unknown god.
   600 | D:1      | Reached XP level 3. HP: 26/26 MP: 3/3
  1000 | D:2      | Reached skill level 1 in Throwing
  1000 | D:2      | Reached XP level 4. HP: 28/31 MP: 4/4
  1395 | D:3      | Noticed Natasha
  1400 | D:3      | Killed Natasha
  1451 | D:3      | Noticed a scorpion
  1459 | D:3      | Killed a scorpion
  1460 | D:3      | Reached skill level 1 in Shapeshifting
  1460 | D:3      | Reached XP level 5. HP: 17/36 MP: 5/5
  1619 | D:3      | Noticed Natasha
  1627 | D:3      | Slain by a jackal

Illustrated notes

Levels and vault maps discovered:
D:1:      dpeg_arrival_tiny_e, layout_loops_ring,
          dilly_ecumenical_altar_fadedgnrine, hangedman_decor_growths,
          roderic_roman_lattice
D:2:      layout_loops_ring, chequers_serial_rivers_room_a,
          roderic_three_in_a_row, grunt_ministairs_14,
          nicolae_kite_square_tiling_tiny
D:3:      layout_rooms, nicolae_ashenzari_panopticon,
          mainiacjoe_overflow_catwalk, nicolae_wu_jian_glorious_leap,
          uniq_natasha

Skill      XL: |  1  2  3  4  5 |
---------------+----------------+-----
Stealth        | 1 2 3 |  3.8
Throwing       | 1 |  1.9
Shapeshifting  | 1 |  1.1
Axes           | 3 |  3.0
Fighting       | |  3.3
Dodging        | |  3.3
Shields        | |  3.2

Action                     |  1- 3 |  4- 6 || total
---------------------------+-------+-------++-------
  Melee: War axe           |    47 |    30 ||    77
         Constrict         |    12 |     8 ||    20
         Tentacles         |     8 |     5 ||    13
    Use: Potion            |       |     1 ||     1
   Stab: Sleeping          |     9 |     5 ||    14
 Armour: Skin              |    18 |    24 ||    42
  Dodge: Dodged            |    25 |    29 ||    54
  Block: Buckler           |     8 |    13 ||    21
   Form: Beast             |       |     1 ||     1

Table legend: (Time is in decaauts)
 A = Elapsed time spent in this place.
 B = Non-inter-level travel time spent in this place.
 C = Inter-level travel time spent in this place.
 D = Time resting spent in this place.
 E = Time spent auto-exploring this place.
 F = Levels seen in this place.
 G = Mean time per level.
                   A        B        C        D        E       F      G
               +--------+--------+--------+--------+--------+-----+--------+
         Total |   1659 |   1659 |      0 |      0 |    837 |   3 |  553.0 |
       Dungeon |   1659 |   1659 |      0 |      0 |    837 |   3 |  553.0 |
               +--------+--------+--------+--------+--------+-----+--------+

Top non-repeatable levels by time:
     D:2: 718 daAuts
     D:1: 679 daAuts
     D:3: 261 daAuts
